 Dungeon Crawl Stone Soup version 0.21.0-3-g78d12a8 (webtiles) character file.

165 Frisk the Covered (level 5, 0/47 HPs)
             Began as a Minotaur Fighter on Jan 17, 2018.
             Slain by a sky beast (6 damage)
             ... on level 3 of the Dungeon.
             The game lasted 00:01:16 (1061 turns).

Frisk the Covered (Minotaur Fighter)                Turns: 1061, Time: 00:01:17

Health: 0/47       AC:  7    Str: 21    XL:     5   Next: 22%
Magic:  4/4        EV:  7    Int:  5    God:
Gold:   119        SH:  9    Dex: 10    Spells: 4/4 levels left

rFire    . . .     SeeInvis .   a - +0 war axe
rCold    . . .     Gourm    .   c - +0 shield
rNeg     . . .     Faith    .   b - +0 scale mail
rPois    .         Spirit   .   (helmet restricted)
rElec    .         Reflect  .   (no cloak)
rCorr    .         Harm     .   (no gloves)
MR       .....                  (no boots)
Stlth    ..........             (no amulet)
HPRegen  0.15/turn              (no ring)
MPRegen  0.09/turn              (no ring)

@: no status effects
A: retaliatory headbutt, horns 2
a: no special abilities


You were on level 3 of the Dungeon.
You were hungry.

You visited 1 branch of the dungeon, and saw 3 of its levels.

You collected 119 gold pieces.

Inventory:

Hand Weapons
 a - a +0 war axe (weapon)
Armour
 b - a +0 scale mail (worn)
 c - a +0 shield (worn)
Scrolls
 e - 5 scrolls of identify {unknown}
 i - a scroll of random uselessness {unknown}
 k - a scroll of amnesia {unknown}
 l - 2 scrolls of remove curse {unknown}
Potions
 d - a potion of might
 g - a potion of ambrosia {unknown}
 h - 3 potions of heal wounds {unknown}
 j - a potion of curing {unknown}
 m - a potion of agility {unknown}
Comestibles
 f - 2 rations


   Skills:
 + Level 4.7 Fighting
 + Level 3.9 Axes
 + Level 4.8 Armour
 + Level 4.7 Shields


You had 4 spell levels left.
You didn't know any spells.

Dungeon Overview and Level Annotations

Branches:
Dungeon (3/15)

Altars:
Elyvilon
Zin


Innate Abilities, Weirdness & Mutations

You reflexively headbutt those who attack you in melee.
You have a pair of horns on your head.


Message History

You hit the sky beast. You headbutt the sky beast.
The sky beast is lightly wounded.
The sky beast hits you. The sky beast shocks you.
You hit the sky beast but do no damage. Your headbutt misses the sky beast.
The sky beast is lightly wounded.
The sky beast hits you.
* * * LOW HITPOINT WARNING * * *
The sky beast shocks you.
* * * LOW HITPOINT WARNING * * *
The sky beast flickers out of sight!
Deactivating autopickup; reactivate with Ctrl-A.
Something hits you but does no damage.
You closely miss something. Your headbutt misses something.
Something hits you but does no damage.
You closely miss something. Something hits you but does no damage.
You closely miss something. Something hits you but does no damage.
Something hits you.
* * * LOW HITPOINT WARNING * * *
Something shocks you.
You die...

###.....##....
##...............
....<.............
..................
#.................
..................
#....†<(.........
#.....(..........
##>..)@)........#
##...{.#......#
####..#.######
#≈##.# #.##.#
#.#####.##.#####
#.......>......#
#####.....#....#
#..#.###.####


There were no monsters in sight!

Vanquished Creatures
  A jelly (D:2)
  3 adders
  8 oozes (D:2)
  2 worms (D:2)
  A dart slug (D:2)
  A leopard gecko (D:2)
  4 orcs (D:3)
  A ball python (D:2)
  5 giant cockroaches
  8 goblins
  6 hobgoblins
  A quokka (D:2)
  4 bats
  5 frilled lizards
  11 kobolds
  5 rats
66 creatures vanquished.

Vanquished Creatures (others)
  7 toadstools (D:2)
7 creatures vanquished.

Grand Total: 73 creatures vanquished

Notes
Turn   | Place    | Note
-------+----------+-------------------------------------------
     0 | D:1      | Frisk the Minotaur Fighter began the quest for the Orb.
     0 | D:1      | Reached XP level 1. HP: 19/19 MP: 0/0
    76 | D:1      | Reached XP level 2. HP: 22/27 MP: 1/1
   530 | D:2      | Reached XP level 3. HP: 31/33 MP: 2/2
   741 | D:2      | Found a glowing silver altar of Zin.
   853 | D:2      | Reached XP level 4. HP: 38/41 MP: 3/3
   978 | D:2      | Found a white marble altar of Elyvilon.
   982 | D:2      | Reached XP level 5. HP: 47/47 MP: 4/4
  1040 | D:3      | Noticed a sky beast
  1061 | D:3      | Slain by a sky beast

Skill      XL: |  1  2 |
---------------+-------+-----
Fighting       | 4 |  4.7
Armour         | 4 |  4.8
Shields        | 4 |  4.7
Axes           | 3 |  3.9

Action                   |  1- 3 |  4- 6 || total
-------------------------+-------+-------++-------
Melee: War axe           |    99 |    30 ||   129
       Headbutt          |    17 |     6 ||    23
Armor: Scale mail        |    43 |    22 ||    65
Dodge: Dodged            |    30 |    19 ||    49
Block: Shield            |    53 |    20 ||    73
